 Dungeon Crawl Stone Soup version 0.19-a0-1268-g6c5d9f8 (webtiles) character file.

82310 rlgrobin the Grappler (level 15, -6/126 HPs)
             Began as a Ghoul Warper on Aug 29, 2016.
             Was a Priest of Cheibriados.
             Mangled by Saint Roka
             ... wielding a +1 long sword of holy wrath
              (31 damage)
             ... on level 2 of the Orcish Mines.
             The game lasted 01:17:14 (26328 turns).

rlgrobin the Grappler (Ghoul Warper)               Turns: 26328, Time: 01:17:15

Health: -6/126     AC: 21    Str: 30    XL:     15   Next: 73%
Magic:  19/21      EV: 23    Int: 16    God:    Cheibriados [***...]
Gold:   1851       SH:  0    Dex: 26    Spells: 7 memorised, 6 levels left

rFire  . . .     SeeInvis .       - Unarmed
rCold  + + .     Gourm    .     y - +5 chain mail of the Beggar {rC+}
rNeg   + + +     Faith    .     (no shield)
rPois  ∞         Spirit   .     k - +2 helmet
rElec  .         Dismiss  +     g - +0 cloak
rCorr  +         Reflect  .     (no gloves)
MR     ++...     Harm     .     (no boots)
Stlth  ..........               J - amulet of dismissal
                                P - ring of resist corrosion
                                r - ring of protection from magic

@: mighty, agile, very slightly contaminated, rotting, repel missiles,
invisible, very slow
A: rotting body, claws 1, carnivore 3, cold resistance 1, negative energy
resistance 3, slow regeneration 1, torment resistance, unbreathing
a: Bend Time, Temporal Distortion, Renounce Religion


You were on level 2 of the Orcish Mines.
You worshipped Cheibriados.
Cheibriados was most pleased with you.
You were not hungry.

You visited 4 branches of the dungeon, and saw 24 of its levels.
You also visited: Ossuary.

You collected 2155 gold pieces.
You spent 304 gold pieces at shops.

Inventory:

Hand Weapons
 w - a +7 blowgun
Missiles
 b - 3 curare-tipped needles
 n - 2 needles of sleeping
 C - 35 poisoned needles
 E - a javelin
 S - 4 tomahawks
 X - 6 silver javelins (quivered)
Armour
 g - a +0 cloak (worn)
 k - a +2 helmet (worn)
 y - the +5 chain mail of the Beggar (worn) {rC+}
   (You found it on level 4 of the Lair of Beasts)

   It protects you from cold.
Jewellery
 r - a ring of protection from magic (left claw)
 J - an amulet of dismissal (around neck)
 P - a ring of resist corrosion (right claw)
 U - an uncursed ring of see invisible
Wands
 m - a wand of digging (3/24)
 u - a wand of disintegration (14/24)
 v - a wand of confusion (11/48)
 z - a wand of lightning (4/15)
 Q - a wand of lightning (8/15)
 T - a wand of enslavement (7/24)
Scrolls
 c - 3 scrolls of recharging
 x - 5 scrolls of remove curse
 I - 6 scrolls of identify
 L - 3 scrolls of magic mapping
 M - 2 scrolls of teleportation
 V - 2 scrolls of fog
Potions
 i - a potion of invisibility
 j - 4 potions of might
 l - 3 potions of flight
 q - 2 potions of heal wounds
 s - 6 potions of agility
 A - 2 potions of haste {!q}
 B - 7 potions of curing
 D - a potion of beneficial mutation {unknown}
 F - 2 potions of magic
 G - a potion of resistance
 K - 4 potions of ambrosia
 W - 2 potions of brilliance
 Y - 2 potions of cancellation {unknown}
Books
 p - a book of Air

   Spells                             Type                      Level
   a - Shock                          Conjuration/Air              1
   b - Swiftness                      Charms/Air                   2
   c - Repel Missiles                 Charms/Air                   2
   d - Static Discharge               Conjuration/Air              3
   e - Lightning Bolt                 Conjuration/Air              5
Miscellaneous
 N - a phial of floods (inert)
Comestibles
 a - 9 chunks of flesh {@w1}
 f - 11 meat rations
 h - 5 slices of pizza
 o - 5 beef jerkies


   Skills:
 - Level 10.2 Fighting
 - Level 10.2 Throwing
 - Level 10.8 Armour
 - Level 10.1 Dodging
 - Level 11.0 Unarmed Combat
 - Level 4.8 Spellcasting
 + Level 2.3 Charms
 + Level 7.2 Translocations
 + Level 2.0 Air Magic
 - Level 9.1 Invocations
 - Level 7.4 Evocations


You had 6 spell levels left.
You knew the following spells:

 Your Spells              Type           Power        Failure   Level  Hunger
a - Apportation           Tloc           ####......   3%          1    None
b - Teleport Other        Tloc           ####....     12%         3    ###....
c - Shroud of Golubria    Chrm/Tloc      ###.......   17%         2    ##.....
q - Blink                 Tloc           N/A          6%          2    ##.....
t - Portal Projectile     Tloc           ####..       12%         3    ###....
v - Repel Missiles        Chrm/Air       ##....       41%         2    ##.....
y - Passage of Golubria   Tloc           N/A          34%         4    ####...


Dungeon Overview and Level Annotations

Branches:
Dungeon (15/15)            Temple (1/1) D:7            Lair (6/6) D:8
  Swamp (0/4) Lair:4        Snake (0/4) Lair:4        Slime (0/5) Lair:5
    Orc (2/2) D:12            Elf (0/3) Orc:2        Vaults (0/5) D:13
 Depths: D:15

Altars:
Cheibriados
Dithmenos
Elyvilon
Fedhas
Gozag
Hepliaklqana
Kikubaaqudgha
Nemelex Xobeh
Okawaru
Ru
Sif Muna
Trog
Uskayaw
Vehumet
Xom
Yredelemnul
Zin
The Shining One

Shops:
D:14 *   Orc:1 *

Annotations:
D:3 Aquadorian's ghost, amateur OgFi
D:5 exclusion: door
D:15 Gruesome's ghost, adept FoFi
Orc:2 Saint Roka


Innate Abilities, Weirdness & Mutations

Your body is rotting away.
You thrive on raw meat.
You are immune to poison.
You have sharp fingernails.
You are carnivorous and can eat meat at any time.
Your flesh is cold resistant. (rC+)
You are immune to negative energy. (rN+++)
You regenerate slowly when monsters are visible.
You are immune to unholy pain and torment.
You can survive without breathing.


Message History

You strike the helpless Saint Roka from behind!
You scratch Saint Roka.
Saint Roka is moderately wounded.
Saint Roka barely misses you.
You claw Saint Roka! Your claw misses Saint Roka.
Saint Roka is moderately wounded.
Saint Roka misses you.
You claw Saint Roka!
Saint Roka is moderately wounded.
You mangle Saint Roka!!
Saint Roka is heavily wounded.
Saint Roka hits you with a long sword of holy wrath.
You convulse.
Unknown command.
You claw Saint Roka!
Saint Roka is heavily wounded.
Saint Roka hits you with a long sword of holy wrath!!
* * * LOW HITPOINT WARNING * * *
You convulse!!
You die...

##.###.........#####...[[.....
##.## ..........# ###...)..#.
#...###.....#.)## #.#....###
###....##.#.#.#.[.# ###.....##
#.....##.......#..## ##..#.###
.......#..#.#.#.[..##
#...####.
...........#####....# ##.## ##
........... #[([.## ### ###
.#......### #[@(..# #..
........# #8(o.8# #.#
..).....# #.(.(.# ###
........# #.(((.# # ........#
#.(((.# .......... ...(...
........## ..).[.(. ..........
.......... .. .......... ..##


You could see Saint Roka.

Vanquished Creatures
  Kirke (D:14)
  An ettin (Orc:1)
  Josephine (Lair:6)
  5 hydras
  An anaconda (Lair:4)
  3 centaur warriors
  An orc high priest (Orc:2)
  10 death yaks
  Sonja (D:13)
  4 skeletal warriors
  An unseen horror (D:10)
  A lindwurm (Lair:6)
  6 orc knights
  4 hill giants
  A necromancer (D:13)
  4 cyclopes
  A griffon (Lair:6)
  7 ugly things
  4 oklob plants
  A deep elf mage (D:12)
  5 orc sorcerers
  2 centaur zombies
  Joseph (D:10)
  13 elephants
  7 black mambas
  A gargoyle (D:11)
  13 spiny frogs
  2 rime drakes (Lair:5)
  8 komodo dragons
  3 meliai (D:13)
  9 trolls
  5 polar bears
  3 two-headed ogres
  4 dream sheep (Lair:5)
  A boulder beetle (Lair:6)
  6 blink frogs
  A vampire (D:11)
  A redback (Lair:6)
  3 wyverns
  5 wraiths
  26 yaks
  A basilisk (Lair:6)
  14 spriggans
  3 hogs (D:14)
  A steam dragon (Lair:1)
  10 hippogriffs
  2 hungry ghosts (D:12)
  A mottled dragon (D:10)
  4 vampire mosquitoes (D:13)
  A soldier ant (D:13)
  5 swamp worms (Lair:4)
  18 water moccasins
  2 wargs (Orc:2)
  5 porcupines
  20 orc warriors
  An eye of draining (D:12)
  3 sky beasts
  6 black bears
  8 phantoms
  4 ice beasts
  3 boggarts (Lair:6)
  4 wasps
  6 ogres
  28 wolves
  16 centaurs
  12 crocodiles
  An elf zombie (Ossuary)
  2 big kobolds
  14 giant frogs
  6 scorpions
  2 troll zombies (D:12)
  4 wights (D:12)
  3 howler monkeys
  5 electric eels
  7 crimson imps
  A giant frog zombie (D:13)
  3 jellies
  4 hounds
  2 human zombies
  13 orc priests
  3 centaur skeletons
  19 orc wizards
  A giant frog skeleton (D:10)
  12 iguanas
  7 worker ants
  Terence (D:2)
  2 big kobold zombies (Ossuary)
  4 ogre zombies (D:12)
  2 hound zombies
  2 mummies (Ossuary)
  20 adders
  8 gnolls
  42 river rats
  2 shadow imps
  An ooze (D:4)
  2 adder zombies (Ossuary)
  5 adder skeletons
  2 worms (D:3)
  A dart slug (D:3)
  4 giant geckos
  82 orcs
  3 ball pythons
  3 giant cockroaches
  5 goblins
  8 hobgoblins
  5 jackals
  13 kobolds
  3 quokkas
  3 bats (D:1)
  2 giant newts
  5 goblin zombies
  A hobgoblin skeleton (D:12)
  10 hobgoblin zombies
  5 jackal zombies (Ossuary)
  8 kobold zombies (Ossuary)
  An orc skeleton (D:12)
  20 orc zombies
  3 rats
  A rat zombie (D:7)
743 creatures vanquished.

Vanquished Creatures (collateral kills)
  Snorg (Lair:3)
  A cyclops (D:14)
  A gargoyle (D:11)
  An orc warrior (D:11)
  4 river rats (Lair:6)
8 creatures vanquished.

Vanquished Creatures (others)
  A human (D:14)
  A centaur (D:11)
  A crimson imp (D:14)
  A worm (D:4)
  12 fungi
  2 plants (Lair:3)
18 creatures vanquished.

Grand Total: 769 creatures vanquished

Notes
Turn   | Place    | Note
-------+----------+-------------------------------------------
     0 | D:1      | rlgrobin the Ghoul Warper began the quest for the Orb.
     0 | D:1      | Reached XP level 1. HP: 17/17 MP: 2/2
    88 | D:1      | Reached skill level 1 in Throwing
   362 | D:1      | Reached XP level 2. HP: 12/24 MP: 3/3
   495 | D:1      | Learned a level 2 spell: Blink
   516 | D:1      | Reached skill level 3 in Unarmed Combat
   903 | D:2      | Reached XP level 3. HP: 19/29 MP: 4/4
   926 | D:2      | Noticed Terence
   945 | D:2      | Killed Terence
   945 | D:2      | Reached skill level 4 in Unarmed Combat
  1110 | D:2      | Reached XP level 4. HP: 34/36 MP: 5/5
  1468 | D:2      | Found a blossoming altar of Fedhas.
  1468 | D:2      | Found a sparkling altar of Nemelex Xobeh.
  1542 | D:2      | Found a glowing silver altar of Zin.
  1576 | D:3      | Noticed Aquadorian's ghost (amateur OgFi)
  1889 | D:3      | Found a hazy altar of Hepliaklqana.
  2019 | D:3      | Reached skill level 5 in Unarmed Combat
  2274 | D:3      | Reached XP level 5. HP: 33/41 MP: 6/6
  2490 | D:3      | Found a snail-covered altar of Cheibriados.
  2533 | D:3      | Noticed a centaur
  2550 | D:3      | Killed a centaur
  2550 | D:3      | Reached skill level 6 in Unarmed Combat
  2550 | D:3      | Reached XP level 6. HP: 37/48 MP: 7/7
  2894 | D:4      | Got a smoking spear
  2895 | D:4      | Identified the +7 spear of Beogh {pierce, Int+3} (You found it on level 4 of the Dungeon)
  2977 | D:4      | Reached skill level 7 in Unarmed Combat
  3276 | D:4      | Reached skill level 1 in Armour
  3646 | D:4      | Got a heavy robe
  3657 | D:4      | Identified the +0 robe of Asan {rElec rF+ Int+8 Slay-3} (You took it off a gnoll on level 4 of the Dungeon)
  3902 | D:4      | Reached XP level 7. HP: 54/56 MP: 8/8
  4257 | D:4      | Found a radiant altar of Vehumet.
  4257 | D:4      | Found a bloodstained altar of Trog.
  4268 | D:4      | Found an ancient bone altar of Kikubaaqudgha.
  4308 | D:5      | Entered Level 5 of the Dungeon
  4552 | D:5      | Found a deep blue altar of Sif Muna.
  4894 | D:6      | Reached skill level 5 in Fighting
  4946 | D:6      | Reached XP level 8. HP: 60/68 MP: 9/9
  5558 | D:6      | Learned a level 2 spell: Shroud of Golubria
  5566 | D:6      | Reached skill level 5 in Armour
  5741 | D:7      | Found a staircase to the Ecumenical Temple.
  5750 | Temple   | Entered the Ecumenical Temple
  5839 | D:7      | Reached skill level 8 in Unarmed Combat
  5969 | D:7      | Noticed a spriggan baker
  5991 | D:7      | Killed a spriggan baker
  5991 | D:7      | Reached skill level 9 in Unarmed Combat
  5991 | D:7      | Reached XP level 9. HP: 64/74 MP: 10/10
  6174 | D:7      | Found a sand-covered staircase.
  6188 | Ossuary  | Entered an ossuary
  6958 | Temple   | Became a worshipper of Cheibriados the Contemplative
  7051 | D:8      | Found a shimmering altar of Xom.
  7125 | D:8      | Reached skill level 10 in Unarmed Combat
  7643 | D:8      | Reached * piety under Cheibriados
  7643 | D:8      | Reached skill level 11 in Unarmed Combat
  7887 | D:8      | Noticed a cyclops
  8193 | D:8      | Learned a level 3 spell: Portal Projectile
  8282 | D:9      | Found an iron altar of Okawaru.
  8508 | D:9      | Noticed a troll
  8514 | D:9      | Killed a troll
  8514 | D:9      | Reached XP level 10. HP: 65/81 MP: 12/12
  8515 | D:9      | Found a sacrificial altar of Ru.
  8904 | D:10     | Entered Level 10 of the Dungeon
  8938 | D:10     | Killed an unseen horror
  8938 | D:10     | Reached ** piety under Cheibriados
  9165 | D:10     | Reached skill level 5 in Translocations
  9402 | D:10     | Noticed Joseph
  9412 | D:10     | Killed Joseph
  9815 | D:10     | Reached XP level 11. HP: 36/86 MP: 16/16
 10006 | D:10     | Noticed a hill giant
 10025 | D:10     | Killed a hill giant
 10044 | D:10     | Learned a level 4 spell: Passage of Golubria
 10185 | D:11     | Reached skill level 1 in Invocations
 10378 | D:11     | Reached *** piety under Cheibriados
 10379 | D:11     | Noticed a cyclops
 10406 | D:11     | Killed a cyclops
 10406 | D:11     | Reached skill level 5 in Throwing
 10406 | D:11     | Reached skill level 1 in Evocations
 11229 | D:12     | Reached **** piety under Cheibriados
 11452 | D:12     | Found a staircase to the Orcish Mines.
 11549 | D:12     | Reached skill level 5 in Invocations
 11570 | D:12     | Reached ***** piety under Cheibriados
 11830 | D:12     | Noticed a hill giant
 12203 | D:12     | Reached XP level 12. HP: 95/95 MP: 18/18
 12232 | D:12     | Reached skill level 5 in Dodging
 13418 | D:8      | Found a staircase to the Lair.
 13427 | Lair:1   | Entered Level 1 of the Lair of Beasts
 15662 | Lair:3   | Noticed Snorg
 15673 | Lair:3   | Killed Snorg
 15918 | Lair:3   | Reached XP level 13. HP: 111/111 MP: 19/19
 15971 | Lair:4   | Found a staircase to the Snake Pit.
 15979 | Lair:4   | Reached skill level 5 in Evocations
 16054 | Lair:4   | Reached ****** piety under Cheibriados
 16374 | Lair:4   | Found a staircase to the Swamp.
 19116 | Lair:5   | Reached XP level 14. HP: 97/118 MP: 20/20
 19309 | Lair:5   | Found a staircase to the Slime Pits.
 19336 | Lair:5   | Reached skill level 10 in Dodging
 19708 | Lair:6   | Entered Level 6 of the Lair of Beasts
 19766 | Lair:6   | Learned a level 3 spell: Teleport Other
 19809 | Lair:6   | Noticed Josephine
 19876 | Lair:4   | Got a jewelled chain mail
 19887 | Lair:4   | Identified the +5 chain mail of the Beggar {rC+} (You found it on level 4 of the Lair of Beasts)
 20247 | Lair:6   | Killed Josephine
 22044 | D:13     | Found an opulent altar of Gozag.
 22151 | D:13     | Noticed Sonja
 22161 | D:13     | Killed Sonja
 22161 | D:13     | Reached XP level 15. HP: 125/125 MP: 21/21
 22210 | D:13     | Found a gate to the Vaults.
 23209 | D:14     | Reached skill level 10 in Armour
 23274 | D:14     | Found a hide-covered altar of Uskayaw.
 23651 | D:14     | Found Coycisol's Assorted Antiques.
 23663 | D:14     | Bought a scroll of teleportation for 114 gold pieces
 23663 | D:14     | Bought a moonstone ring for 190 gold pieces
 23829 | D:14     | Reached skill level 10 in Throwing
 24056 | D:14     | Noticed Kirke
 24081 | D:14     | Killed Kirke
 24320 | D:15     | Entered Level 15 of the Dungeon
 24340 | D:15     | Found a glowing silver altar of Zin.
 24349 | D:15     | Noticed Gruesome's ghost (adept FoFi)
 24601 | Orc:1    | Entered Level 1 of the Orcish Mines
 24879 | Orc:2    | Entered Level 2 of the Orcish Mines
 24985 | Orc:1    | Found Fasjycw's Fabulous Fripperies.
 24989 | Orc:1    | Reached skill level 10 in Fighting
 25547 | Orc:2    | Found a staircase to the Elven Halls.
 25638 | Orc:2    | Learned a level 2 spell: Repel Missiles
 25717 | Orc:2    | Noticed Saint Roka
 25717 | Orc:2    | Reached skill level 1 in Charms
 25718 | Orc:2    | Reached skill level 1 in Air Magic
 26328 | Orc:2    | Mangled by Saint Roka

Vault maps used:
D:1:      minmay_arrival_nine_rooms
D:2:      lemuel_crystal_altar, gammafunk_temple_overflow_elements, uniq_terence
D:3:      lemuel_doored_altar, first_bread, corner_web_ring,
          kennysheep_slug_shrine
D:4:      gammafunk_temple_overflow_claw
D:5:      led_sif_book
D:7:      enter_ossuary_3, the_bakery
D:8:      lair_0_dummy, basic_altar
D:9:      basic_altar, okawaru_gym_becter
D:10:     uniq_joseph
D:12:     zombieorc1_lemuel
D:13:     david_vaults_1, nicolae_gozag_seed_capital, uniq_sonja
D:14:     serial_shops, shop, serial_park_gazebo, uniq_kirke
D:15:     hangedman_depths_entry_try_elsewhere_first, basic_altar
Temple:   jpeg_temple_clearing
Lair:1:   fungi_pond_lemuel
Lair:2:   nicolae_quartered_pool_medium, grunt_forest_stairs_clearing,
          lemuel_fruit_tree
Lair:3:   forest_entry_grove, uniq_snorg
Lair:4:   nicolae_swamp_entry_splash_gauntlet, minmay_snake_entry_six_corridors
Lair:5:   minmay_slime_entry_oklob_enclosed, minmay_hedge_maze, minivault_19,
          guppyfry_lair_drakes, grunt_megastairs_2
Lair:6:   minmay_lair_end_enchanted_forest, uniq_josephine
Orc:1:    nicolae_alphabet_shops
Orc:2:    grunt_orc_cross
Ossuary:  ossuary_tomb_1

Skill      XL: |  1  2  3  4  5  6  7  8  9 10 11 12 13 14 15 |
---------------+----------------------------------------------+-----
Throwing       | 1 4 6 9 10 | 10.2
Unarmed Combat | 3 4 5 6 7 9 11 | 11.0
Armour         | 2 3 6 9 10 | 10.8
Fighting       | 3 5 6 9 10 | 10.2
Translocations | 4 6 7 |  7.2
Dodging        | 2 3 4 7 9 10 | 10.1
Spellcasting   | 2 4 |  4.8
Invocations    | 5 8 9 |  9.1
Evocations     | 3 4 7 |  7.4
Charms         | 2 |  2.3
Air Magic      | 2 |  2.0

Action                   |  1- 3 |  4- 6 |  7- 9 | 10-12 | 13-15 || total
-------------------------+-------+-------+-------+-------+-------++-------
Melee: Unarmed           |    68 |   189 |   517 |   766 |  1226 ||  2766
       Punch             |     1 |     2 |    18 |    71 |   137 ||   229
 Fire: Blowgun           |       |       |       |    13 |    37 ||    50
Throw: Tomahawk          |     1 |       |       |    67 |   135 ||   203
       Javelin           |       |     3 |    19 |    48 |    37 ||   107
       Throwing net      |       |       |       |       |     1 ||     1
 Cast: Blink             |       |       |       |     4 |     7 ||    11
       Portal Projectile |       |       |       |     2 |     4 ||     6
       Passage of Golubr |       |       |       |       |     5 ||     5
       Shroud of Golubri |       |       |       |       |     2 ||     2
       Repel Missiles    |       |       |       |       |     1 ||     1
Invok: Bend Time         |       |       |       |     4 |    12 ||    16
       Slouch            |       |       |       |     2 |    16 ||    18
       Step From Time    |       |       |       |       |     2 ||     2
       Temporal Distorti |       |       |       |       |     4 ||     4
Evoke: Wand              |       |       |     4 |    20 |    30 ||    54
       Phial of floods   |       |       |     1 |     2 |     3 ||     6
  Use: Scroll            |     2 |     4 |    16 |    16 |    11 ||    49
       Potion            |     1 |     3 |       |     2 |     4 ||    10
 Stab: Invisible         |       |     1 |       |     2 |     2 ||     5
       Paralysed         |       |       |    12 |       |       ||    12
       Confused          |       |       |     1 |       |     8 ||     9
       Sleeping          |       |       |       |     4 |     1 ||     5
       Distracted        |       |       |       |     1 |       ||     1
  Eat: Chunk             |    14 |     9 |    21 |    66 |   111 ||   221
Armor: Leather armour    |    20 |       |       |       |       ||    20
       Scale mail        |       |    73 |   212 |    53 |       ||   338
       Robe              |       |     6 |       |       |       ||     6
       Mottled dragon ar |       |       |       |   164 |   113 ||   277
       Chain mail        |       |       |       |       |   349 ||   349
Dodge: Dodged            |    39 |   111 |   157 |   509 |  1069 ||  1885
